[Event "Early-Titled-Tuesday-Blitz-February-06-2024"]
[Site "Chess.com"]
[Date "2024.02.06"]
[Round "2"]
[White "santosalberto1987"]
[Black "AradNazari"]
[Result "0-1"]
[WhiteElo "2554"]
[BlackElo "2778"]
[TimeControl "180+1"]
[EndTime "8:15:34 PST"]
[Termination "AradNazari won by resignation"]

1. e4 c5 2. Nf3 d6 3. Bb5+ Nd7 4. d4 cxd4 5. Qxd4 a6 6. Bxd7+ Bxd7 7. Nc3 e6 8. Bg5 Qc7 9. O-O-O h6 10. Bh4 Rc8 11. Kb1 Qc5 12. Qd2 Nf6 13. e5 Nd5 14. Ne4 Qb6 15. exd6 f5 16. Ng3 g5 17. Nxg5 Bg7 18. c4 Nc3+ 19. Ka1 Nxd1 20. Rxd1 hxg5 21.
Bxg5 Rxc4 22. h4 Rd4 0-1

[Event "Early-Titled-Tuesday-Blitz-February-06-2024"]
[Site "Chess.com"]
[Date "2024.02.06"]
[Round "2"]
[White "LuisFSiles"]
[Black "secrethawk1"]
[Result "0-1"]
[WhiteElo "2248"]
[BlackElo "2479"]
[TimeControl "180+1"]
[EndTime "8:15:34 PST"]
[Termination "secrethawk1 won by checkmate"]

1. e4 c5 2. Nf3 e6 3. c3 d5 4. exd5 Qxd5 5. d4 Nf6 6. a3 Nc6 7. Be3 cxd4 8. cxd4 Be7 9. Nc3 Qd6 10. Bd3 O-O 11. Qc2 a6 12. O-O h6 13. Rad1 Ng4 14. Bc1 f5 15. Bc4 b5 16. Ba2 Bb7 17. d5 Nce5 18. Nxe5 Qxe5 19. f4 Qf6 20. d6 Bd8 21. h3 Bb6+ 22. Kh1 Qh4 23. Bxe6+ Kh8 24. Bd5 Qg3 25. hxg4 Qh4# 0-1

[Event "Early-Titled-Tuesday-Blitz-February-06-2024"]
[Site "Chess.com"]
[Date "2024.02.06"]
[Round "2"]
[White "ViralduS"]
[Black "JuniorJumper"]
[Result "1-0"]
[WhiteElo "2741"]
[BlackElo "2530"]
[TimeControl "180+1"]
[EndTime "8:15:36 PST"]
[Termination "ViralduS won by checkmate"]

1. e4 e5 2. Nf3 Nc6 3. d4 exd4 4.
Nxd4 Nf6 5. Nc3 Bb4 6. Nxc6 bxc6 7. Bd3 d5 8. exd5 cxd5 9. O-O O-O 10. Bg5 c6 11. Qf3 Bd6 12. h3 Rb8 13. Rab1 a5 14.
Rfe1 Bb4 15. a3 Bxc3 16. bxc3 Be6 17. Rxb8 Qxb8 18. Bxf6 gxf6 19. Qxf6 Re8 20. Qh6 Qb2 21.
Bxh7+ Kh8 22. Rxe6 Rxe6 23. Bg6+ Kg8 24. Qh7+ Kf8 25.
Qxf7# 1-0

[Event "Early-Titled-Tuesday-Blitz-February-06-2024"]
[Site "Chess.com"]
[Date "2024.02.06"]
[Round "2"]
[White "Juicy_Fork"]
[Black "abelmat"]
[Result "1-0"]
[WhiteElo "2426"]
[BlackElo "2079"]
[TimeControl "180+1"]
[EndTime "8:15:36 PST"]
[Termination "Juicy_Fork won by checkmate"]

1. e4 e6 2. d4 d5 3. Nc3 dxe4 4. Nxe4 Nd7 5. Nf3 Ngf6 6. Bg5 Be7 7. Bxf6 Bxf6 8. Bd3 O-O 9. O-O b6 10. Qe2 Bb7 11.
c3 Rc8 12. Rad1 Qe7 13. Ne5 Bxe5 14. dxe5 Nxe5 15. Bb1 Rcd8 16. Qh5 Bxe4 17. Bxe4 Ng6 18.
g3 Rxd1 19. Rxd1 Rd8 20. h4 Rxd1+ 21. Qxd1 Qd6 22. Qa4 a5 23. Qe8+ Qf8 24. Qd7 Qd6 25. Qc8+ Nf8 26. Kg2 g6 27. h5 Kg7 28. Qe8 Qd7 29. h6+ Kg8 30. Qb8 f5 31. Bf3 e5 32.
Be2 Qc6+ 33. Kg1 g5 34. Qd8 Qxh6 35. Bc4+ Kg7 36. Qxc7+ Kg6 37. Qf7# 1-0

[Event "Early-Titled-Tuesday-Blitz-February-06-2024"]
[Site "Chess.com"]
[Date "2024.02.06"]
[Round "2"]
[White "FMCarmona"]
[Black "viniciusrego"]
[Result "0-1"]
[WhiteElo "2153"]
[BlackElo "2441"]
[TimeControl "180+1"]
[EndTime "8:15:37 PST"]
[Termination "viniciusrego won by checkmate"]

1. e4 c5 2. Nf3 Nc6 3. d4 cxd4 4. Nxd4 g6 5. Nc3 Bg7 6. Be3 Nf6 7. Be2 O-O 8. Qd2 d5 9. exd5 Nxd5 10. Nxc6 bxc6 11.
Bd4 e5 12. Bc5 Be6 13. O-O-O Re8 14. Bc4 Qa5 15. Nxd5 Qxc5 16. Nc7 Qxc4 17. Nxa8 Qxa2 18. Qe3 Rxa8 19. Rhe1 Rb8 20. b3 Qa3+ 21. Kd2 Qa6 22. Ra1 Rd8+ 23. Kc3 e4+ 24. Kb4 Qb5+ 25. Ka3 Qa5# 0-1

[Event "Early-Titled-Tuesday-Blitz-February-06-2024"]
[Site "Chess.com"]
[Date "2024.02.06"]
[Round "2"]
[White "jefferyx"]
[Black "chucksterf10"]
[Result "1-0"]
[WhiteElo "3009"]
[BlackElo "2646"]
[TimeControl "180+1"]
[EndTime "8:15:39 PST"]
[Termination "jefferyx won by checkmate"]

1. d4 d5 2. c4 dxc4 3. Nf3 Nf6 4.
e3 e6 5. Bxc4 c5 6. O-O a6 7. Nc3 Nc6 8. d5 exd5 9. Nxd5 b5 10.
Nxf6+ Qxf6 11. Bd5 Bb7 12. e4 Be7 13. Re1 Rd8 14. a4 Nb4 15. axb5 axb5 16. Bg5 Qb6 17. Bxe7 Kxe7 18. Qc1 Rhe8 19. Bxb7 Nd3 20. Qg5+ Kf8 21.
Bd5 Nxe1 22. Rxe1 h6 23. Qf5 Re7 24. b3 g6 25. Qf4 Kg7 26. Rc1 Rc8 27. h4 Qf6 28.
Qxf6+ Kxf6 29. Nd4 b4 30. Nc6 Rec7 31. Rxc5 Ra7 32.
Rb5 Ra1+ 33. Kh2 g5 34. h5 Rca8 35. Rxb4 R8a2 36. Kg3 Rh1 37. Rb7 g4 38. Rxf7+ Kg5 39. Rf5# 1-0

[Event "Early-Titled-Tuesday-Blitz-February-06-2024"]
[Site "Chess.com"]
[Date "2024.02.06"]
[Round "2"]
[White "Nikolakis2014"]
[Black "falzehope0"]
[Result "1-0"]
[WhiteElo "2735"]
[BlackElo "2382"]
[TimeControl "180+1"]
[EndTime "8:15:41 PST"]
[Termination "Nikolakis2014 won on time"]

1. Nf3 d5 2. d4 e6 3. c4 f5 4. g3 c6 5. Bg2 Nf6 6. O-O Bd6 7. b3 O-O 8. Ba3 f4 9. Bxd6 Qxd6 10.
Nc3 fxg3 11. hxg3 Qd8 12. Qd2 h6 13. Rae1 Ng4 14. Ne5 Nxe5 15. dxe5 Nd7 16. f4 Qb6+ 17. Kh2 Rf7 18. e4 d4 19. Na4 Qd8 20. Qxd4 Qf8 21.
Rd1 b5 22. Nc3 b4 23. Ne2 c5 24. Qd6 Qxd6 25. Rxd6 1-0

[Event "Early-Titled-Tuesday-Blitz-February-06-2024"]
[Site "Chess.com"]
[Date "2024.02.06"]
[Round "2"]
[White "Actuary44"]
[Black "aranibos"]
[Result "1-0"]
[WhiteElo "2487"]
[BlackElo "2256"]
[TimeControl "180+1"]
[EndTime "8:15:43 PST"]
[Termination "Actuary44 won by checkmate"]

1. e4 c5 2. d4 d6 3. dxc5 Qa5+ 4.
Nc3 Qxc5 5. Be3 Qa5 6. Qd2 Nc6 7. O-O-O Nf6 8. f3 e6 9. g4 Be7 10. g5 Nd7 11. h4 a6 12. h5 Nde5 13. Qg2 b5 14. f4 b4 15. Nb1 Qxa2 16. fxe5 Nxe5 17. g6 hxg6 18. hxg6 Rxh1 19. gxf7+ Kxf7 20. Qxh1 Bd7 21. Nf3 Nxf3 22. Qxf3+ Kg8 23. e5 d5 24. Bd3 b3 25. c3 Rc8 26. Qh5 Ba3 27. Bh7+ Kf8 28. Rf1+ Ke7 29. Bg5# 1-0

[Event "Early-Titled-Tuesday-Blitz-February-06-2024"]
[Site "Chess.com"]
[Date "2024.02.06"]
[Round "2"]
[White "vladgoncharov"]
[Black "Salem-AR"]
[Result "0-1"]
[WhiteElo "2628"]
[BlackElo "2950"]
[TimeControl "180+1"]
[EndTime "8:15:47 PST"]
[Termination "Salem-AR won by resignation"]

1. d4 Nf6 2. c4 g6 3. Nc3 Bg7 4. Nf3 O-O 5. Bg5 h6 6. Bh4 c5 7. e3 cxd4 8. Nxd4 Nc6 9. Be2 Qb6 10. Nb3 d6 11. Bxf6 exf6 12. O-O f5 13. Rc1 Be6 14. Qxd6 Rfd8 15. Qc5 Nb4 16. Rfd1 Rxd1+ 17. Rxd1 Nxa2 18. Qxb6 axb6 19. Nd5 Bxb2 20. Nc7 Ra3 21. Nxe6 fxe6 22. Rd8+ Kf7 23. Nd4 Bxd4 24. exd4 Nc3 25. Bf1 Ra1 26. Rd7+ Ke8 0-1

[Event "Early-Titled-Tuesday-Blitz-February-06-2024"]
[Site "Chess.com"]
[Date "2024.02.06"]
[Round "2"]
[White "NFChess13"]
[Black "FairChess_on_YouTube"]
[Result "0-1"]
[WhiteElo "2666"]
[BlackElo "3087"]
[TimeControl "180+1"]
[EndTime "8:15:49 PST"]
[Termination "FairChess_on_YouTube won by resignation"]

1. c4 Nf6 2. g3 e6 3. Bg2 d5 4. Nf3 Be7 5. O-O O-O 6. b3 c6 7. Bb2 b6 8. d3 Bb7 9. Nbd2 Nbd7 10. cxd5 cxd5 11. Rc1 Rc8 12. Rxc8 Qxc8 13. Qa1 Qa8 14. Rc1 Rc8 15. Ne5 Nxe5 16. Bxe5 h6 17. Nf3 a5 18. a4 Rxc1+ 19. Qxc1 Nd7 20. Bb2 Qd8 21. Nd4 Nc5 22. Qc2 Bf6 23. Nb5 Bxb2 24. Qxb2 Ba6 25. d4 Nb7 26. Nc3 Nd6 27. e3 Bd3 28. Bf1 Bf5 29. Nb5 Nxb5 30. Bxb5 Qd6 31. Qc3 Qb4 32. Qb2 Bh3 33.
Qb1 Qd2 34. Bf1 Bf5 35. Qa1 Bc2 36. Qb2 Qd1 37. Kg2 Be4+ 0-1

[Event "Early-Titled-Tuesday-Blitz-February-06-2024"]
[Site "Chess.com"]
[Date "2024.02.06"]
[Round "2"]
[White "youngKID"]
[Black "IriBu"]
[Result "1-0"]
[WhiteElo "2790"]
[BlackElo "2558"]
[TimeControl "180+1"]
[EndTime "8:15:50 PST"]
[Termination "youngKID won by resignation"]

1. Nf3 Nf6 2. g3 e6 3. Bg2 b6 4.
O-O Bb7 5. c4 c5 6. Nc3 Be7 7. b3 O-O 8. Bb2 d6 9. d4 cxd4 10.
Qxd4 Nc6 11. Qd2 Qc8 12. Rac1 Qd7 13. Rfd1 Rfd8 14. h3 a6 15. Qe3 b5 16. cxb5 axb5 17. Nxb5 Rxa2 18. Bxf6 gxf6 19. Nd2 Ne5 20. Rc7 Qxb5 21.
Rxb7 Qe8 22. f4 Ng6 23. Rc1 Raa8 24. h4 Bf8 25. Bc6 Rdc8 26. Bxe8 Rxc1+ 27. Kg2 Rxe8 28. Ne4 Rcc8 29. Nxf6+ Kh8 30. Nxe8 Rxe8 31. Rxf7 Bg7 32. b4 d5 33. b5 d4 34. Qa3 Rg8 35. Kh2 1-0

[Event "Early-Titled-Tuesday-Blitz-February-06-2024"]
[Site "Chess.com"]
[Date "2024.02.06"]
[Round "2"]
[White "RianKapriaga"]
[Black "ural58"]
[Result "1-0"]
[WhiteElo "2278"]
[BlackElo "2477"]
[TimeControl "180+1"]
[EndTime "8:15:50 PST"]
[Termination "RianKapriaga won by resignation"]

1. d4 d5 2. Nf3 Nc6 3. Bf4 Bg4 4. e3 e6 5. Be2 Bd6 6. Bg3 f5 7.
Nbd2 Qf6 8. c3 f4 9. exf4 Bxf4 10. O-O O-O-O 11. b4 Nge7 12. b5 Na5 13. Re1 Bxg3 14.
hxg3 h5 15. Qa4 b6 16. Nb3 h4 17. Nxa5 bxa5 18. Qxa5 Bxf3 19. Qa6+ Kd7 20. Bxf3 hxg3 21.
fxg3 Rh6 22. Re5 Rdh8 23. Kf2 Qg5 24. Rxg5 1-0

[Event "Early-Titled-Tuesday-Blitz-February-06-2024"]
[Site "Chess.com"]
[Date "2024.02.06"]
[Round "2"]
[White "javirec"]
[Black "LangesNasenhaar"]
[Result "0-1"]
[WhiteElo "2263"]
[BlackElo "2494"]
[TimeControl "180+1"]
[EndTime "8:15:53 PST"]
[Termination "LangesNasenhaar won by resignation"]

1. e4 g6 2. d4 Bg7 3. c3 c6 4. Bd3 d5 5. e5 f6 6. f4 Nh6 7.
Nf3 O-O 8. O-O Bg4 9. h3 Bxf3 10. Rxf3 fxe5 11. fxe5 Rxf3 12. Qxf3 e6 13. Be3 Nd7 14. Nd2 Qe7 15. Rf1 Rf8 16. Qe2 Nf5 17. Bf4 c5 18. g4 Nh6 19. Be3 cxd4 20. cxd4 Rxf1+ 21. Qxf1 Qh4 22.
Qg2 Qe7 23. Qf1 Nf7 24. Qc1 Qh4 25. Qf1 Qg3+ 26. Kh1 Qxe3 27. Nb3 Ng5 0-1

[Event "Early-Titled-Tuesday-Blitz-February-06-2024"]
[Site "Chess.com"]
[Date "2024.02.06"]
[Round "2"]
[White "marcodobrikov"]
[Black "CFN_Good_Evening"]
[Result "1-0"]
[WhiteElo "2674"]
[BlackElo "1988"]
[TimeControl "180+1"]
[EndTime "8:15:58 PST"]
[Termination "marcodobrikov won by resignation"]

1. Nf3 Nf6 2. d4 e6 3. Bg5 c5 4. c3 Qb6 5. Qb3 Ne4 6. Bf4 cxd4 7. Qxb6 axb6 8. Nxd4 f6 9. Nb5 Na6 10. f3 Nec5 11. e4 d5 12. exd5 exd5 13. N1a3 Na4 14. O-O-O Be6 15. Bd3 Kf7 16. Rhe1 Bxa3 17. Nxa3 Rhc8 18.
Nb5 Rc6 19. Nd4 N4c5 20. Nxc6 bxc6 21. Bc2 Nb8 22. a3 Nbd7 23. h4 g6 24. h5 g5 25.
Bd6 h6 26. g4 Re8 27. Bg6+ 1-0

[Event "Early-Titled-Tuesday-Blitz-February-06-2024"]
[Site "Chess.com"]
[Date "2024.02.06"]
[Round "2"]
[White "lachesisQ"]
[Black "ChEsper99"]
[Result "1-0"]
[WhiteElo "3078"]
[BlackElo "2210"]
[TimeControl "180+1"]
[EndTime "8:16:01 PST"]
[Termination "lachesisQ won by resignation"]

1. e4 c5 2. Nf3 d6 3. d4 cxd4 4. Nxd4 Nf6 5. Nc3 a6 6. Bd3 e5 7.
Nde2 Be6 8. Ng3 Nc6 9. O-O Rc8 10.
f4 exf4 11. Bxf4 Be7 12. Nd5 Ne5 13. Nxe7 Qxe7 14. Bg5 Ned7 15. Nh5 Rg8 16. Qd2 d5 17. exd5 Qc5+ 18. Kh1 Qxd5 19. Ng3 h6 20. Bf4 b5 21.
Rae1 Kf8 22. a4 Nc5 23. Re5 Qd7 24. Qb4 1-0

[Event "Early-Titled-Tuesday-Blitz-February-06-2024"]
[Site "Chess.com"]
[Date "2024.02.06"]
[Round "2"]
[White "DevikBronstein"]
[Black "Bilan_Danila"]
[Result "1-0"]
[WhiteElo "2913"]
[BlackElo "2613"]
[TimeControl "180+1"]
[EndTime "8:16:03 PST"]
[Termination "DevikBronstein won by resignation"]

1. Nf3 d5 2. g3 Nf6 3. Bg2 Bf5 4. O-O e6 5. d3 h6 6. c4 c6 7. Qb3 Qb6 8. Qc2 Nbd7 9. cxd5 cxd5 10. Be3 Bc5 11.
Bxc5 Qxc5 12. Qxc5 Nxc5 13. Rc1 Na6 14. Nd4 Bg6 15.
Nd2 Ke7 16. N2b3 Rhc8 17. Na5 b6 18. Nac6+ Kd6 19. Nb5+ Kd7 20. Nbxa7 Nc7 21. Nxc8 Rxc8 22. Ne5+ Kd6 23. f4 Nd7 24. Rc6+ Ke7 25. Rac1 1-0

[Event "Early-Titled-Tuesday-Blitz-February-06-2024"]
[Site "Chess.com"]
[Date "2024.02.06"]
[Round "2"]
[White "ChessFighter1975"]
[Black "Capiberibe"]
[Result "1-0"]
[WhiteElo "2428"]
[BlackElo "2087"]
[TimeControl "180+1"]
[EndTime "8:16:03 PST"]
[Termination "ChessFighter1975 won on time"]

1. d4 Nf6 2. c4 e6 3. Bg5 Bb4+ 4.
Nd2 O-O 5. Nf3 b6 6. a3 Be7 7. e4 d5 8. cxd5 exd5 9. e5 Ne4 10.
Bf4 c5 11. Bd3 f5 12. exf6 Nxf6 13. O-O Nc6 14. Re1 cxd4 15. Rc1 Bb7 16. b4 Rc8 17. Ng5 Ne4 18. Ne6 Qd7 19. Nxf8 Rxf8 20. Bg3 Nxg3 21. hxg3 Bf6 22. Nf3 Qf7 23. Bb5 Ne7 24. Rc7 Ba8 25.
Rxa7 1-0

[Event "Early-Titled-Tuesday-Blitz-February-06-2024"]
[Site "Chess.com"]
[Date "2024.02.06"]
[Round "2"]
[White "OK97"]
[Black "HalfIsCrayfish"]
[Result "1-0"]
[WhiteElo "2838"]
[BlackElo "2580"]
[TimeControl "180+1"]
[EndTime "8:16:04 PST"]
[Termination "OK97 won by resignation"]

1. e4 c6 2. Nf3 d5 3. e5 Bg4 4.
Be2 e6 5. O-O Nd7 6. d4 c5 7. c4 Ne7 8. Nc3 Bxf3 9. Bxf3 cxd4 10. Qxd4 Nc6 11. Qf4 Ndxe5 12. cxd5 Nxf3+ 13. Qxf3 exd5 14.
Nxd5 Be7 15. Bf4 Nd4 16. Qe4 Ne6 17. Rad1 O-O 18. Nxe7+ Qxe7 19. Bd6 Qe8 20. Bxf8 Kxf8 21. Qxb7 Rb8 22. Qxa7 Rxb2 23. Qa3+ 1-0

[Event "Early-Titled-Tuesday-Blitz-February-06-2024"]
[Site "Chess.com"]
[Date "2024.02.06"]
[Round "2"]
[White "GMT4114"]
[Black "Felix-Rose"]
[Result "0-1"]
[WhiteElo "1966"]
[BlackElo "2413"]
[TimeControl "180+1"]
[EndTime "8:16:08 PST"]
[Termination "Felix-Rose won by resignation"]

1. e4 e5 2. Bc4 Nf6 3. d3 Bc5 4. Nc3 h6 5. f4 d6 6. Nf3 Nc6 7.
f5 a6 8. a3 b5 9. Ba2 Bb7 10.
Qe2 Nd4 11. Nxd4 Bxd4 12. g4 Bxc3+ 13. bxc3 Qe7 14. a4 d5 15. g5 hxg5 16. Bxg5 dxe4 17. dxe4 Qc5 18. Rb1 Nxe4 19. Be3 Qxc3+ 20. Kf1 Ng3+ 21.
hxg3 Rxh1+ 22. Bg1 Qxg3 0-1

[Event "Early-Titled-Tuesday-Blitz-February-06-2024"]
[Site "Chess.com"]
[Date "2024.02.06"]
[Round "2"]
[White "kleopl"]
[Black "crosky"]
[Result "1-0"]
[WhiteElo "2518"]
[BlackElo "2322"]
[TimeControl "180+1"]
[EndTime "8:16:10 PST"]
[Termination "kleopl won by resignation"]

1. e4 c5 2. Nc3 e6 3. f4 d5 4. Nf3 dxe4 5. Nxe4 Nf6 6. Bb5+ Bd7 7.
Qe2 Nxe4 8. Bxd7+ Qxd7 9. Qxe4 Nc6 10. O-O Be7 11. d3 O-O 12. Bd2 Qd5 13. Rfe1 Bf6 14.
Bc3 Bxc3 15. bxc3 Qxe4 16. Rxe4 b6 17. a4 Rfd8 18. Ne5 Nxe5 19. Rxe5 g6 20. a5 Kf8 21.
Kf2 Ke7 22. c4 h5 23. Ree1 Rd4 24. axb6 Rxf4+ 25. Ke3 Rd4 26. Rxa7+ Rxa7 27. bxa7 Rd8 28. Ra1 Ra8 29. Ke4 f6 30. c3 Kd6 31. Ra6+ Kd7 32. d4 g5 33. d5 exd5+ 34. cxd5 Ke7 35. Kf5 1-0

[Event "Early-Titled-Tuesday-Blitz-February-06-2024"]
[Site "Chess.com"]
[Date "2024.02.06"]
[Round "2"]
[White "Barath1308"]
[Black "DAVIDHDZSTS"]
[Result "1-0"]
[WhiteElo "2409"]
[BlackElo "1932"]
[TimeControl "180+1"]
[EndTime "8:16:10 PST"]
[Termination "Barath1308 won by resignation"]

1. Nf3 e6 2. e3 Nf6 3. c4 d5 4.
Nc3 Be7 5. b3 c5 6. Bb2 O-O 7.
cxd5 exd5 8. d4 Nc6 9. dxc5 Bxc5 10. a3 Be6 11. Nb5 a6 12. Nbd4 Nxd4 13. Nxd4 Bxd4 14. Qxd4 Qa5+ 15. b4 Qd8 16. Be2 Qe7 17. h4 Ne8 18.
h5 Qf6 19. Qxf6 Nxf6 20. Bxf6 gxf6 21. Rh4 f5 22. Rd4 Kg7 23. Rad1 Kf6 24. Bf3 Rfd8 25. Bxd5 Bxd5 26. Rxd5 Rxd5 27. Rxd5 Rc8 28. Kd2 Ke6 29. Rd4 Rg8 30. g3 Rg5 31. Rc4 Kd6 32. Rc5 Rxh5 33.
g4 Rg5 34. Rxf5 Rxf5 35. gxf5 Ke5 36. Ke2 Kxf5 37. Kf3 Ke5 38. e4 h5 39. Ke3 f5 40.
f4+ Ke6 41. e5 Kd5 42. Kf3 Ke6 43. Kg3 Kd5 44. Kh4 Ke4 45. e6 Kxf4 46. e7 1-0

[Event "Early-Titled-Tuesday-Blitz-February-06-2024"]
[Site "Chess.com"]
[Date "2024.02.06"]
[Round "2"]
[White "EscalofriantePreparacion"]
[Black "edgarhay012"]
[Result "0-1"]
[WhiteElo "2595"]
[BlackElo "2444"]
[TimeControl "180+1"]
[EndTime "8:16:12 PST"]
[Termination "edgarhay012 won by resignation"]

1. Nf3 Nf6 2. c4 e6 3. g3 b6 4.
Bg2 Bb7 5. O-O Be7 6. Nc3 O-O 7.
d4 d5 8. Ne5 Nbd7 9. cxd5 Nxd5 10. Nxd5 exd5 11. Bf4 c5 12. Rc1 Nxe5 13. Bxe5 Qd7 14.
dxc5 bxc5 15. Qd2 Rfd8 16. Rfd1 Qe6 17. Bc3 Rac8 18. Ba5 Rd6 19. e3 Ba8 20. b3 Bf6 21. Qe1 h5 22. Qf1 g5 23. Qe2 g4 24. Qe1 h4 25.
Bc3 h3 26. Bh1 d4 27. Bxa8 Rxa8 28. exd4 Qd5 29. Qf1 cxd4 30. Bd2 Re8 31. Bf4 Rde6 32. Rd3 Re1 0-1

[Event "Early-Titled-Tuesday-Blitz-February-06-2024"]
[Site "Chess.com"]
[Date "2024.02.06"]
[Round "2"]
[White "abhidabhi"]
[Black "secretsuperstar7"]
[Result "1-0"]
[WhiteElo "2907"]
[BlackElo "2514"]
[TimeControl "180+1"]
[EndTime "8:16:13 PST"]
[Termination "abhidabhi won by resignation"]

1. Nf3 d5 2. c4 d4 3. b4 c5 4. bxc5 Nc6 5. d3 e5 6. g3 Nf6 7. Bg2 Bxc5 8. O-O O-O 9. Bg5 h6 10.
Bxf6 Qxf6 11. Nfd2 Qe7 12. Nb3 Bb4 13. a3 Bd6 14. Qc1 Be6 15. N1d2 f5 16. c5 Bc7 17. Nc4 Rad8 18. Rb1 Qf7 19. Nbd2 Bb8 20. Qb2 Rd7 21. Bxc6 bxc6 22. Qxb8 Rxb8 23. Rxb8+ Kh7 24. Nxe5 Qf6 25. Nxd7 Bxd7 26. Rb7 Be6 27. Rxa7 f4 28. Ne4 Qg6 29. Rb1 fxg3 30. hxg3 Bg4 31. f3 Bf5 32. Rbb7 Qe6 33.
Rxg7+ Kh8 34. Rge7 Qa2 35. Re8+ 1-0

[Event "Early-Titled-Tuesday-Blitz-February-06-2024"]
[Site "Chess.com"]
[Date "2024.02.06"]
[Round "2"]
[White "skkeyan1309"]
[Black "UK_23"]
[Result "1-0"]
[WhiteElo "2719"]
[BlackElo "2418"]
[TimeControl "180+1"]
[EndTime "8:16:13 PST"]
[Termination "skkeyan1309 won by resignation"]

1. Nf3 d5 2. b3 c6 3. Bb2 Bf5 4. d3 e6 5. Nbd2 Nf6 6. g3 h6 7. Bg2 Bh7 8. O-O Be7 9. Ne5 O-O 10. e4 a5 11. a3 Nfd7 12. Ng4 Na6 13. f4 Qb6+ 14.
Kh1 f5 15. exf5 exf5 16. Ne5 Nxe5 17. Bxe5 Bg6 18. Re1 Rfe8 19. d4 Bf8 20. c3 Nc7 21. Nf3 Nb5 22. Qc1 Nd6 23. Bxd6 Bxd6 24. Ne5 Bh7 25.
Qc2 Re7 26. b4 a4 27. Bh3 g6 28. Rad1 h5 29. Bg2 Qc7 30. h4 b5 31. Qa2 Kg7 32.
Re2 Rae8 33. Rde1 Bg8 34. Bh3 Bh7 35. Qc2 Qc8 36. Bg2 Qc7 37. Bf3 Qc8 38. Kg2 Qc7 39.
Nd3 Rxe2+ 40. Rxe2 Rxe2+ 41. Qxe2 Qe7 42. Qxe7+ Bxe7 43. Ne5 Bg8 44. Nxc6 Bd6 45. Na7 1-0

[Event "Early-Titled-Tuesday-Blitz-February-06-2024"]
[Site "Chess.com"]
[Date "2024.02.06"]
[Round "2"]
[White "jasonbolivar"]
[Black "colegiodemadrid"]
[Result "0-1"]
[WhiteElo "2309"]
[BlackElo "2509"]
[TimeControl "180+1"]
[EndTime "8:16:14 PST"]
[Termination "colegiodemadrid won on time"]

1. e4 c6 2. Nf3 d5 3. d3 e6 4.
Be2 Nf6 5. e5 Nfd7 6. d4 Be7 7.
O-O c5 8. c3 Nc6 9. Re1 a6 10. a3 b5 11. Be3 Qb6 12. b4 cxd4 13. cxd4 Qd8 14. Bd3 Nb6 15. Nc3 Nc4 16. Bc1 Qb6 17.
Ne2 Bd7 18. Rb1 a5 19. bxa5 Qxa5 20. Qb3 O-O 21. Rd1 Qa4 22. Bc2 Qxb3 23. Rxb3 Bxa3 24.
Ng5 h6 25. Nf3 b4 26. Ne1 N6a5 27. Rb1 Bb5 28. Nd3 Bxc1 29. Nexc1 Na3 30. Rb2 Nxc2 31.
Rxc2 Ba4 0-1

[Event "Early-Titled-Tuesday-Blitz-February-06-2024"]
[Site "Chess.com"]
[Date "2024.02.06"]
[Round "2"]
[White "Sattarov_Bobur"]
[Black "Brahianzevich"]
[Result "1-0"]
[WhiteElo "2754"]
[BlackElo "2445"]
[TimeControl "180+1"]
[EndTime "8:16:16 PST"]
[Termination "Sattarov_Bobur won by resignation"]

1. e4 c5 2. Nf3 d6 3. d4 cxd4 4. Nxd4 Nf6 5. f3 a6 6. c4 e6 7.
Nc3 Be7 8. Be3 O-O 9. Be2 b6 10. a4 Bb7 11. a5 bxa5 12. Nb3 Nc6 13. O-O Qc7 14. Na4 Nd7 15. Rc1 Nb4 16. c5 d5 17. Nb6 Nxb6 18. cxb6 Qe5 19. Bd4 Qb8 20. e5 a4 21. Na5 Rc8 22. Qxa4 Bg5 23. Rxc8+ Qxc8 24.
Qxb4 1-0

[Event "Early-Titled-Tuesday-Blitz-February-06-2024"]
[Site "Chess.com"]
[Date "2024.02.06"]
[Round "2"]
[White "Cheer_Down"]
[Black "carloseduar100"]
[Result "1-0"]
[WhiteElo "2510"]
[BlackElo "2313"]
[TimeControl "180+1"]
[EndTime "8:16:16 PST"]
[Termination "Cheer_Down won by resignation"]

1. d4 d5 2. Nf3 e6 3. c4 Nf6 4.
Nc3 c6 5. Bg5 Be7 6. e3 O-O 7.
Qc2 Nbd7 8. O-O-O b5 9. cxb5 cxb5 10. Bxb5 Bb7 11. Bd3 Rc8 12. Kb1 Ne4 13. Bxe4 dxe4 14. Bxe7 Qxe7 15. Ne5 Nb6 16. Qb3 Rfd8 17. Rc1 f5 18. g4 Nd5 19. gxf5 exf5 20. Rhg1 Kh8 21. Nxd5 Rxc1+ 22. Rxc1 Bxd5 23. Qxd5 Rxd5 24. Rc8+ Rd8 25. Rxd8+ Qxd8 26. Nf7+ Kg8 27. Nxd8 g5 28. Kc2 Kg7 29. Kd2 Kg6 30. Nc6 a6 31. a4 Kh5 32.
Ne7 Kg4 33. d5 f4 34. d6 1-0

[Event "Early-Titled-Tuesday-Blitz-February-06-2024"]
[Site "Chess.com"]
[Date "2024.02.06"]
[Round "2"]
[White "Sam_ChessMood"]
[Black "koncheto"]
[Result "1-0"]
[WhiteElo "2905"]
[BlackElo "2505"]
[TimeControl "180+1"]
[EndTime "8:16:19 PST"]
[Termination "Sam_ChessMood won by resignation"]

1. d4 Nf6 2. c4 e6 3. Nc3 c5 4. d5 exd5 5. cxd5 d6 6. e4 g6 7. f4 Bg7 8. Bb5+ Nfd7 9. a4 O-O 10.
Nf3 Na6 11. O-O Nb4 12. Re1 Re8 13. h3 a6 14. Bd3 Rb8 15. Kh1 Nf6 16. a5 Bd7 17.
Bb1 Bb5 18. Be3 b6 19. axb6 Rxb6 20. Qd2 h5 21. e5 Nd7 22. e6 Nf8 23. f5 gxf5 24.
Bg5 Qc7 25. Bxf5 fxe6 26. dxe6 d5 27. e7 Nh7 28. Nxd5 Nxd5 29. Qxd5+ Kh8 30. Bh4 Rh6 31.
Ne5 Rd6 32. Nf7+ 1-0

[Event "Early-Titled-Tuesday-Blitz-February-06-2024"]
[Site "Chess.com"]
[Date "2024.02.06"]
[Round "2"]
[White "Arteler"]
[Black "Bkmzzzzz"]
[Result "0-1"]
[WhiteElo "2581"]
[BlackElo "2379"]
[TimeControl "180+1"]
[EndTime "8:16:19 PST"]
[Termination "Bkmzzzzz won by resignation"]

1. Nf3 d6 2. d4 Nd7 3. c4 f5 4. Nc3 Ngf6 5. g3 e5 6. dxe5 dxe5 7. Bg2 c6 8. e4 fxe4 9. Nd2 Bb4 10. Ndxe4 Nxe4 11. Bxe4 Nf6 12. Qxd8+ Kxd8 13. Bg2 Bxc3+ 14. bxc3 Be6 15. O-O Bxc4 16. Re1 Re8 17. Ba3 Kc7 18. Re3 Rad8 19. Rae1 e4 20. Bxe4 Nxe4 21. Rxe4 Rxe4 22. Rxe4 Rd1+ 23. Kg2 Bd5 24. f3 Bxe4 25. fxe4 Rd2+ 26.
Kf3 Rxh2 27. Bb4 Rxa2 28. Bf8 g6 29. Bg7 Kd6 30. e5+ Ke6 31. Kf4 a5 32. Kg5 a4 33.
Kh6 Rh2+ 34. Kg5 a3 35. Bf8 a2 36. Bd6 a1=Q 0-1

[Event "Early-Titled-Tuesday-Blitz-February-06-2024"]
[Site "Chess.com"]
[Date "2024.02.06"]
[Round "2"]
[White "Problematique_99"]
[Black "C_K_G"]
[Result "1-0"]
[WhiteElo "2435"]
[BlackElo "2119"]
[TimeControl "180+1"]
[EndTime "8:16:19 PST"]
[Termination "Problematique_99 won by resignation"]

1. a3 d5 2. b4 e6 3. Bb2 Nf6 4. g3 Bd6 5. Bg2 O-O 6. Nf3 Nbd7 7. O-O b6 8. e3 Bb7 9. Qe2 c5 10. d3 Re8 11. b5 e5 12. Nh4 e4 13. Nf5 Bc7 14.
dxe4 dxe4 15. Rd1 Qc8 16. Bh3 Qb8 17. Nxg7 Be5 18. Bxd7 Bxb2 19. Nxe8 Bxa1 20. Nxf6+ Bxf6 21. Bf5 Qe5 22. Qh5 h6 23. Rd7 Bd5 24. Rxd5 Qxd5 25. Bh7+ Kxh7 26. Qxd5 Rd8 27. Qxe4+ Kg7 28. Kg2 h5 29. a4 Bb2 30. c3 Rd6 31. Qc2 Ba1 32.
Qa2 1-0